 Dungeon Crawl Stone Soup version 0.25.1-8-g42b30a86e7 (webtiles) character file.

Game seed: 14584663973381809635

380 Azimut41r the Cutter (level 7, -2/44 HPs)
             Began as a Halfling Artificer on Dec 13, 2020.
             Slain by Blork the orc
             ... wielding a +3 flail of protection
              (14 damage)
             ... on level 5 of the Dungeon.
             The game lasted 00:24:36 (4467 turns).

Azimut41r the Cutter (Halfling Artificer)           Turns: 4467, Time: 00:24:37

Health: -2/44      AC:  4    Str: 13    XL:     7   Next: 4%
Magic:  9/9        EV: 16    Int:  9    God:
Gold:   153        SH:  0    Dex: 17    Spells: 6/6 levels left

rFire    . . .     SeeInvis .   o - +2 dagger (drain)
rCold    . . .     Gourm    .   (shield restricted)
rNeg     . . .     Faith    .   g - +1 leather armour {rPois}
rPois    +         Spirit   .   (no helmet)
rElec    .         Reflect  .   (no cloak)
rCorr    .         Harm     .   (no gloves)
MR       .....                  (no boots)
Stlth    ++........             (no amulet)
HPRegen  0.14/turn              l - ring of flight
MPRegen  0.11/turn              (no ring)

@: no status effects
A: small, mutation resistance 1
a: Evoke Flight


You were on level 5 of the Dungeon.
You were very hungry.

You visited 1 branch of the dungeon, and saw 5 of its levels.

You collected 153 gold pieces.

Inventory:

Hand Weapons
 a - a +0 short sword
 j - a -2 short sword
 o - a +2 dagger of draining (weapon)
Armour
 b - a +0 leather armour
 g - a +1 leather armour of poison resistance (worn)
Jewellery
 l - a ring of flight (left hand)
Wands
 c - a wand of flame (2)
 d - a wand of enslavement (11)
 e - a wand of random effects (11)
 t - a wand of clouds (3)
Scrolls
 h - 2 scrolls of identify
 k - 2 scrolls of amnesia {unknown}
 m - 2 scrolls of blinking {unknown}
 n - 2 scrolls of enchant armour {unknown}
 p - 2 scrolls of fog {unknown}
 r - 2 scrolls of remove curse
 u - a scroll of teleportation {unknown}
Potions
 i - a potion of curing
 q - 2 potions of lignification {unknown}
 s - 2 potions of mutation {unknown}
 v - a potion of degeneration {unknown}
 w - 2 potions of flight {unknown}
Comestibles
 f - 9 rations


   Skills:
 + Level 1.8 Fighting
 + Level 4.7 Short Blades
 + Level 3.1 Armour
 + Level 3.5 Dodging
 + Level 2.1 Stealth
 + Level 3.8 Evocations


You had 6 spell levels left.
You didn't know any spells.
Your spell library was empty.

Dungeon Overview and Level Annotations

Branches:
Dungeon (5/15)             Temple (0/1) D:4

Altars:
Cheibriados
Nemelex Xobeh
Trog
Wu Jian

Annotations:
D:5 Blork the orc


Innate Abilities, Weirdness & Mutations

You are small and have problems with some larger weapons.
You are somewhat resistant to further mutation.


Message History

The puff of frost hits you.
You hit Blork the orc but do no damage.
Blork the orc is lightly wounded.
Blork the orc misses you.
You hit Blork the orc but do no damage.
Blork the orc is lightly wounded.
Blork the orc hits you with a +3 flail of protection!
Evoke which item? (* to show all) (? for menu, Esc to quit)
Aiming: Random Effects
Press: ? - help, Shift-Dir - straight line, f/p - Blork the orc
Aim: Blork the orc, wielding a +3 flail of protection and wearing a +0 robe (lightly wounded, fast)
The fireball explodes!
The fireball engulfs Blork the orc!
Blork the orc is severely wounded.
The fireball engulfs you!
* * * LOW HITPOINT WARNING * * *
You hear a howl!
Blork the orc misses you.
Blork the orc drinks a potion.
Blork the orc is healed!
Blork the orc hits you with a +3 flail of protection!
You die...

...### .## ##..
[.... ..###?.# #...
#.....# #..##.....#
###..#......#
.#........# ##
#.........## ..##.
#..##....o.###....#
# ###..#.@........
#....###...###.
...#..##.....#
#..###........##
##. ##........#. #.
#.........# #.
#........## #.#
#........#
##..##.........#


You could see Blork the orc (fast).

Vanquished Creatures
  An ogre (D:4)
  A scorpion (D:4)
  2 orc wizards
  Jessica (D:3)
  A worker ant zombie (D:5)
  3 gnolls (D:4)
  3 adders
  An ooze (D:1)
  2 worms
  2 dart slugs
  5 leopard geckos
  6 orcs
  2 giant cockroaches
  10 goblins
  7 hobgoblins
  4 jackals (D:4)
  4 quokkas (D:4)
  6 bats
  5 frilled lizards
  4 kobolds
  6 rats
76 creatures vanquished.

Vanquished Creatures (collateral kills)
  An adder (D:3)
  An orc (D:3)
2 creatures vanquished.

Vanquished Creatures (others)
  An adder (D:3)
  2 orcs (D:3)
  A goblin (D:2)
4 creatures vanquished.

Grand Total: 82 creatures vanquished

Notes
Turn   | Place    | Note
-------+----------+-------------------------------------------
     0 | D:1      | Azimut41r the Halfling Artificer began the quest for the
                  | Orb.
     0 | D:1      | Reached XP level 1. HP: 12/12 MP: 3/3
   277 | D:1      | Reached XP level 2. HP: 9/18 MP: 4/4
   782 | D:1      | Reached XP level 3. HP: 22/22 MP: 5/5
   820 | D:1      | Reached skill level 1 in Armour
   845 | D:1      | Reached skill level 2 in Short Blades
  1281 | D:2      | Reached skill level 1 in Fighting
  1345 | D:2      | Reached XP level 4. HP: 7/28 MP: 6/6
  2119 | D:3      | Reached skill level 3 in Short Blades
  2249 | D:3      | Reached XP level 5. HP: 33/33 MP: 7/7
  2712 | D:3      | Noticed Jessica
  2729 | D:3      | Killed Jessica
  3245 | D:4      | Reached XP level 6. HP: 36/38 MP: 8/8
  3325 | D:4      | Reached skill level 4 in Short Blades
  3377 | D:4      | Noticed an ogre
  3382 | D:4      | Killed an ogre
  3596 | D:4      | Found a sparkling altar of Nemelex Xobeh.
  3597 | D:4      | Found a snail-covered altar of Cheibriados.
  3640 | D:4      | Found a bloodstained altar of Trog.
  3872 | D:4      | Reached XP level 7. HP: 40/44 MP: 9/9
  3908 | D:4      | Found an ornate altar of the Wu Jian Council.
  3927 | D:4      | Found a staircase to the Ecumenical Temple.
  4295 | D:5      | Entered Level 5 of the Dungeon
  4392 | D:5      | Found a bloodstained altar of Trog.
  4457 | D:5      | Noticed Blork the orc
  4467 | D:5      | Slain by Blork the orc

Illustrated notes

Levels and vault maps discovered:
D:1:      lightli_arrival_isolated_outpost, layout_rooms
D:2:      layout_rooms
D:3:      layout_rooms, uniq_jessica
D:4:      layout_loops_ring, nicolae_overflow_hidden_temple,
          minmay_temple_entry_enclosed_plants, first_ration, trog_butcher_becter
D:5:      layout_layer_cave, lemuel_crystal_altar, serial_bayou_pond_c,
          uniq_eustachio, uniq_blork_the_orc

Skill      XL: |  1  2  3  4  5  6  7 |
---------------+----------------------+-----
Armour         | 1 2 3 |  3.1
Short Blades   | 2 3 4 |  4.7
Fighting       | 1 |  1.8
Dodging        | 3 |  3.5
Stealth        | 2 |  2.1
Evocations     | |  3.8

Action                   |  1- 3 |  4- 6 |  7- 9 || total
-------------------------+-------+-------+-------++-------
Melee: Short sword       |   139 |   106 |       ||   245
       Dagger            |       |    83 |    24 ||   107
Evoke: Wand              |     3 |    14 |     4 ||    21
  Use: Scroll            |     3 |     1 |       ||     4
 Stab: Sleeping          |     2 |       |     1 ||     3
  Eat: Chunk             |     1 |     9 |       ||    10
Armor: Leather armour    |    56 |    25 |     2 ||    83
Dodge: Dodged            |   111 |   128 |    15 ||   254
